 Dungeon Crawl Stone Soup version 0.25-a0-1133-g93ebf739aa (webtiles) character file.

Game seed: 1888903831087484541, levelgen mode: classic

4 Amnesiac the Vexing (level 1, -1/12 HPs)
             Began as a Deep Elf Arcane Marksman on May 21, 2020.
             Slain by a jackal (2 damage)
             ... on level 1 of the Dungeon.
             The game lasted 00:00:33 (51 turns).

Amnesiac the Vexing (Deep Elf Arcane Marksman)        Turns: 51, Time: 00:00:34

Health: -1/12      AC:  2    Str:  7    XL:     1   Next: 58%
Magic:  3/5        EV: 13    Int: 17    God:
Gold:   0          SH:  0    Dex: 15    Spells: 2/3 levels left

rFire    . . .     SeeInvis .   a - +0 shortbow
rCold    . . .     Gourm    .   (shield currently unavailable)
rNeg     . . .     Faith    .   e - +0 robe
rPois    .         Spirit   .   (no helmet)
rElec    .         Reflect  .   (no cloak)
rCorr    .         Harm     .   (no gloves)
MR       .....                  (no boots)
Stlth    +.........             (no amulet)
HPRegen  0.04/turn              (no ring)
MPRegen  0.09/turn              (no ring)

@: very slightly contaminated
A: no striking features
a: no special abilities


You were on level 1 of the Dungeon.
You were not hungry.

You visited 1 branch of the dungeon, and saw 1 of its levels.

Inventory:

Hand Weapons
 a - a +0 shortbow (weapon)
Missiles
 d - 10 arrows (quivered)
Armour
 b - a +0 ring mail
 e - a +0 robe (worn)
Comestibles
 c - 2 chunks of flesh
 f - a ration


   Skills:
 - Level 1.0 Fighting
 * Level 2.6 Bows
 - Level 2.4 Dodging
 - Level 1.5 Spellcasting
 + Level 4.0 Hexes


You had 2 spell levels left.
You knew the following spells:

 Your Spells              Type           Power        Failure   Level  Hunger
a - Corona                Hex            ##.....      4%          1    ##.....

Your spell library contained the following spells:

 Spells                   Type           Power        Failure   Level  Hunger
 Slow                     Hex            ##......     6%          2    ###....
 Inner Flame              Hex/Fire       #.......     26%         3    ####...
 Portal Projectile        Hex/Tloc       #.....       26%         3    ####...
 Cause Fear               Hex            ##........   36%         4    #####..
 Leda's Liquefaction      Hex/Erth       #.........   65%         4    #####..


Dungeon Overview and Level Annotations

Branches:
Dungeon (1/15)

Altars:


Message History

You shoot an arrow. The arrow hits the jackal!
You kill the jackal!
You hear a shout! x2
The jackal bites you but does no damage.
Firing (i - inventory)
d - 13 arrows (quivered)
Press: ? - help, Shift-Dir - straight line, f - jackal
Aim: a jackal You shoot an arrow.
The arrow hits the jackal.
The jackal is moderately wounded.
The jackal stops glowing.
A goblin comes into view. It is wielding a +0 club.
The jackal misses you.
A kobold comes into view. It is wielding a +0 short sword.
The goblin hits you with a +0 club.
* * * LOW HITPOINT WARNING * * *
The jackal closely misses you.
Really attack while wielding your +0 shortbow?
Okay, then.
The goblin closely misses you. The kobold hits you but does no damage.
The kobold completely misses you. The jackal barely misses you.
Found 19 stones.
Unknown command.
Found a scroll labeled NIAN XYTESKEHOCH.
Unknown command.
The jackal closely misses you.
A kobold opens the door.
The jackal closely misses you.
Found a stone staircase leading down.
Found a glowing whip.
Firing (i - inventory)
d - 12 arrows (quivered)
Press: ? - help, Shift-Dir - straight line, f/p - jackal
Aim: a jackal (moderately wounded)
You shoot an arrow. The arrow barely misses the jackal.
The arrow closely misses the goblin.
The arrow hits the kobold.
The kobold is severely wounded.
The jackal bites you but does no damage.
The jackal closely misses you.
Firing (i - inventory)
d - 11 arrows (quivered)
Press: ? - help, Shift-Dir - straight line, f/p - jackal
Aim: a jackal (moderately wounded)
You shoot an arrow. The arrow hits the jackal.
You kill the jackal!
Training target 1.0 for Fighting reached!
Your Fighting skill increases to level 1!
The jackal bites you.
* * * LOW HITPOINT WARNING * * *
Casting: Corona (safe; 4% risk of failure)
Confirm with . or Enter, or press ? or * to list all spells.
Aiming: Corona (safe; 4% risk of failure)
Press: ? - help, Shift-Dir - straight line, f - jackal
Aim: a jackal (chance to defeat MR: 68%)
You miscast Corona.
You are very lightly contaminated with residual magic.
Nothing appears to happen.
The jackal closely misses you.
Unknown command.
Casting: Corona (safe; 4% risk of failure)
Confirm with . or Enter, or press ? or * to list all spells.
Aiming: Corona (safe; 4% risk of failure)
Press: ? - help, Shift-Dir - straight line, f/p - jackal
Aim: a jackal (chance to defeat MR: 68%)
The jackal is outlined in light.
The jackal closely misses you. The jackal bites you.
You die...

(.#...#.....
#(.#.#..#### #.#.
##..#..## ...
##รท..## ..#
##.##########..#
#.(........#...
####........# #
#..........K#####...#
#........(.gh@(.....#
#....####'#####?.....
#....# # ..... #....#
..>. #....# .). #...
.. .


You could see a jackal (corona), a goblin and a kobold.

Vanquished Creatures
  3 jackals (D:1)
  A bat (D:1)
4 creatures vanquished.

Notes
Turn   | Place    | Note
-------+----------+-------------------------------------------
     0 | D:1      | Amnesiac the Deep Elf Arcane Marksman began the quest for
                  | the Orb.
     0 | D:1      | Reached XP level 1. HP: 11/11 MP: 5/5
    49 | D:1      | Reached skill level 1 in Fighting
    51 | D:1      | Slain by a jackal

Illustrated notes

Levels and vault maps discovered:
D:1:      scummos_arrival_star, layout_basic

Skill      XL: |  1 |
---------------+----+-----
Fighting       | 1 |  1.0
Bows           | |  2.6
Dodging        | |  2.4
Spellcasting   | |  1.5
Hexes          | |  4.0

Action                   || total
-------------------------++-------
 Fire: Shortbow          ||    12
 Cast: Corona            ||     4
Armor: Robe              ||     3
Dodge: Dodged            ||    19

Table legend:
 A = Non-vault XP
 B = Vault XP
 C = Vault XP percentage of total XP
 D = Non-vault monster count
 E = Vault monster count
 F = Vault count percentage of total count
                 A         B        C        D         E       F
            +---------+---------+-------+---------+---------+-------
      Total |       7 |       0 |   0.0 |       4 |       0 |   0.0
            +---------+---------+-------+---------+---------+-------
        D:1 |       7 |       0 |   0.0 |       4 |       0 |   0.0
            +---------+---------+-------+---------+---------+-------
